 Dungeon Crawl Stone Soup version 0.30-a0-639-g3916f1956a (webtiles) character file.

Game seed: 12575106199430917054

8748 mampy3000 the Basher (level 11, 0/99 HPs)
             Began as a Minotaur Berserker on Jan 16, 2023.
             Was a Priest of Trog.
             Succumbed to Sonja's curare-tipped dart
             ... on level 10 of the Dungeon.
             The game lasted 00:35:00 (8951 turns).

mampy3000 the Basher (Minotaur Berserker)           Turns: 8951, Time: 00:35:01

Health: 0/99       AC: 25    Str: 22    XL:     11   Next: 14%
Magic:  10/10      EV: 11    Int: -1    God:    Trog [***...]
Gold:   395        SH:  0    Dex: 17    Spells: 10/10 levels left

rFire   + + .      SeeInvis .    K - +1 whip (elec)
rCold   x . .      Faith    .    (no shield)
rNeg    + . .      Spirit   .    G - +7 chain mail "Tedghoeff" {rF+ rCorr}
rPois   .          Reflect  .    J - +1 hat "Xocac" {rN+ Stlth+}
rElec   +          Harm     .    (no cloak)
rCorr   +          Rampage  .    C - +0 pair of gloves of the Salamander {Will+}
Will    +++++                    z - +2 pair of boots of Impermeability {rElec Will++ Int-5 Dex+3} Stlth
                                 (no amulet)
HPRegen 1.36/turn                y - ring of fire
MPRegen 0.12/turn                A - ring of resist corrosion

@: lethally poisoned (0 -> -34), strong-willed, regenerating, slowed, lost
intelligence, unable to read, very slow
A: horns 2, retaliatory headbutt
a: Renounce Religion, Berserk, Trog's Hand


You were on level 10 of the Dungeon.
You worshipped Trog.
Trog was most pleased with you.
You visited 1 branch of the dungeon, and saw 10 of its levels.

You collected 617 gold pieces.
You spent 222 gold pieces at shops.

Inventory:

Hand Weapons
 K - a +1 whip of electrocution (weapon)
Armour
 z - the +2 pair of boots of Impermeability (worn) {rElec Will++ Int-5 Dex+3}
   (You acquired it on level 9 of the Dungeon)

   Int:       It affects your intelligence (-5).
   Dex:       It affects your dexterity (+3).
   rElec:     It insulates you from electricity.
   Will:      It greatly increases your willpower.
 C - the +0 pair of gloves of the Salamander (worn) {Will+}
   (You bought it in a shop on level 8 of the Dungeon)

   Will:      It increases your willpower.
 G - the +7 chain mail "Tedghoeff" (worn) {rF+ rCorr}
   (You acquired it on level 8 of the Dungeon)

   rF:        It protects you from fire.
   rCorr:     It protects you from acid and corrosion.
 J - the +1 hat "Xocac" (worn) {rN+ Stlth+}
   (You acquired it on level 8 of the Dungeon)

   rN:        It protects you from negative energy.
   Stlth:     It makes you more stealthy.
Jewellery
 a - a ring of see invisible
 j - a ring of magical power
 y - a ring of fire (left hand)
 A - a ring of resist corrosion (right hand)
Wands
 k - a wand of roots (8)
 n - a wand of light (9)
 w - a wand of polymorph (17)
 E - a wand of flame (23)
Scrolls
 b - a scroll of enchant armour {unknown}
 d - 4 scrolls of fear
 g - 3 scrolls of teleportation
 i - 2 scrolls of blinking
 p - 4 scrolls of identify
 r - a scroll of fog
 s - a scroll of magic mapping
 v - 4 scrolls of immolation
 x - a scroll of brand weapon
 I - 2 scrolls of poison {unknown}
Potions
 c - 2 potions of curing
 e - 2 potions of heal wounds {unknown}
 f - 3 potions of mutation
 h - 2 potions of magic {unknown}
 l - 2 potions of cancellation {unknown}
 m - a potion of ambrosia {unknown}
 o - a potion of attraction {unknown}
 q - 3 potions of degeneration {unknown}
 t - 2 potions of lignification {unknown}
 u - 2 potions of might {unknown}
 B - 3 potions of berserk rage {unknown}
 D - a potion of haste {unknown}
 H - a potion of experience {unknown}


   Skills:
 + Level 9.7 Fighting
 + Level 13.5 Maces & Flails
 + Level 11.2 Armour
 + Level 6.1 Dodging
 + Level 2.4 Stealth
 + Level 1.7 Unarmed Combat


You had 10 spell levels left.
You didn't know any spells.
Your spell library was empty.

Dungeon Overview and Level Annotations

Branches:
Dungeon (10/15)            Temple (0/1) D:5            Lair (0/5) D:9
    Orc (0/2) D:9

Altars:
Cheibriados
Dithmenos
Elyvilon
Gozag
Hepliaklqana
Nemelex Xobeh
Qazlal
Ru
Xom

Shops:
D:5 *   D:6 (   D:7 :   D:8 [=

Annotations:
D:8 3 runed translucent doors, benadryl's ghost, novice TrEE
D:10 Sonja


Innate Abilities, Weirdness & Mutations

You have a pair of horns on your head.
You reflexively headbutt those who attack you in melee.


Message History

Sonja hits you but does no damage.
You are more poisoned.
Sonja hits you but does no damage.
You are more poisoned.
You feel better. Sonja hits you but does no damage.
You are poisoned.
Sonja hits you but does no damage.
You are more poisoned.
Sonja hits you but does no damage.
You are more poisoned.
Sonja bows elegantly.
Sonja hits you but does no damage.
You are more poisoned.
Sonja hits you but does no damage.
You are more poisoned.
Sonja closely misses you.
You whack Sonja!
Sonja is moderately wounded.
You feel extremely sick. Sonja hits you but does no damage.
You are more poisoned.
Sonja closely misses you. Sonja hits you but does no damage.
You are lethally poisoned!
You miss Sonja.
Sonja is moderately wounded.
You feel extremely sick.
Sonja gestures wildly while chanting.
Sonja blinks!
You cannot read scrolls in your current state!
* * * LOW HITPOINT WARNING * * *
You feel extremely sick.
Sonja throws a curare-tipped dart.
The curare-tipped dart hits you.
You are more poisoned.
You have difficulty breathing.
* * * LOW HITPOINT WARNING * * *
You feel as though you will be slow longer.
Sonja gestures wildly while chanting.
Sonja blinks!
You see here a killer bee corpse.
You die...

#.#...# #.#...# #>....###
####.......# ...........#
...........###
.....##......## .
.....##.......########....
.....##....##...@†.....§..
.....##....####.######....
.....##....# #..# #
.....##.)..# ##§#
############ ..# ...#
..... #.y..# #....#


There were no monsters in sight!

Vanquished Creatures
  Pikel (D:9)
  A cyclops (D:9)
  A manticore (D:9)
  The ghost of bmack86 the Chopper, a novice MiFi of Okawaru (D:6)
  A troll (D:10)
  A meliai (D:9)
  5 hornets
  Grinder (D:4)
  Prince Ribbit (D:7)
  Sigmund (D:3)
  A wyvern (D:9)
  A wraith (D:9)
  A steam dragon (D:7)
  A yak (D:9)
  An acid dragon (D:9)
  Edmund (D:6)
  Duvessa (D:4)
  5 water moccasins
  4 orc warriors
  3 black bears
  An ogre (D:5)
  A centaur (D:9)
  A phantom (D:4)
  A kobold brigand (D:6)
  A lemure (D:9)
  A gnoll sergeant (D:9)
  Blork the orc (D:5)
  2 necrophages
  5 bullfrogs
  3 scorpions (D:9)
  6 wights
  Dowan (D:4)
  14 killer bees
  A howler monkey (D:9)
  2 jellies
  2 gnoll boudas
  4 orc priests
  8 hounds
  Jessica (D:3)
  Natasha (thrice) (D:2)
  An iguana (D:5)
  7 orc wizards
  10 gnolls
  16 adders
  A shadow imp (D:6)
  2 white imps
  2 worms
  7 dart slugs
  32 orcs
  8 ball pythons
  9 endoplasms
  4 giant cockroaches
  6 goblins
  10 hobgoblins
  4 jackals (D:3)
  16 kobolds
  2 quokkas
  4 bats
  2 frilled lizards
  10 rats
245 creatures vanquished.

Vanquished Creatures (others)
  35 fungi (D:9)
  36 plants (D:9)
71 creatures vanquished.

Grand Total: 316 creatures vanquished

Notes
Turn   | Place    | Note
-------+----------+-------------------------------------------
     0 | D:1      | mampy3000 the Minotaur Berserker began the quest for the
                  | Orb.
     0 | D:1      | Reached XP level 1. HP: 19/19 MP: 0/0
   107 | D:1      | Reached XP level 2. HP: 17/27 MP: 1/1
   159 | D:1      | Found a faded altar of an unknown god.
   187 | D:1      | Reached skill level 4 in Maces & Flails
   483 | D:1      | Reached XP level 3. HP: 33/33 MP: 2/2
   637 | D:1      | Reached ** piety under Trog
  1026 | D:2      | Noticed Natasha
  1032 | D:2      | Killed Natasha
  1033 | D:2      | Reached XP level 4. HP: 38/41 MP: 3/3
  1096 | D:2      | Reached skill level 5 in Maces & Flails
  1236 | D:2      | Reached XP level 5. HP: 38/47 MP: 4/4
  1241 | D:2      | Noticed Natasha
  1274 | D:2      | Killed Natasha
  1275 | D:2      | Reached skill level 5 in Fighting
  1309 | D:2      | Noticed Natasha
  1316 | D:2      | Killed Natasha
  1705 | D:2      | Reached skill level 1 in Stealth
  1971 | D:3      | Reached *** piety under Trog
  2060 | D:3      | Noticed Sigmund
  2077 | D:3      | Killed Sigmund
  2078 | D:3      | Reached skill level 6 in Maces & Flails
  2078 | D:3      | Reached XP level 6. HP: 56/56 MP: 5/5
  2150 | D:3      | Noticed Jessica
  2154 | D:3      | Killed Jessica
  2155 | D:3      | Reached skill level 7 in Maces & Flails
  2601 | D:4      | Reached XP level 7. HP: 58/62 MP: 6/6
  2800 | D:4      | Noticed Grinder
  2807 | D:4      | Killed Grinder
  2808 | D:4      | Reached skill level 8 in Maces & Flails
  3107 | D:4      | Noticed Duvessa
  3111 | D:4      | Noticed Dowan
  3120 | D:4      | Killed Duvessa
  3121 | D:4      | Reached skill level 9 in Maces & Flails
  3121 | D:4      | Reached XP level 8. HP: 71/71 MP: 7/7
  3124 | D:4      | Killed Dowan
  3488 | D:5      | Entered Level 5 of the Dungeon
  3691 | D:5      | Noticed Blork the orc
  3704 | D:5      | Killed Blork the orc
  3705 | D:5      | Reached skill level 5 in Armour
  3789 | D:5      | Reached skill level 10 in Maces & Flails
  3915 | D:5      | Found a staircase to the Ecumenical Temple.
  3980 | D:5      | Found a sacrificial altar of Ru.
  4011 | D:5      | Found an opulent altar of Gozag.
  4014 | D:5      | Found Gozag's Platinum Reserve.
  4186 | D:6      | Reached **** piety under Trog
  4196 | D:6      | Found a runed translucent door.
  4217 | D:6      | Noticed bmack86's ghost (novice MiFi)
  4228 | D:6      | Killed bmack86's ghost
  4229 | D:6      | Reached skill level 1 in Unarmed Combat
  4229 | D:6      | Reached XP level 9. HP: 58/79 MP: 8/8
  4340 | D:6      | Found a shimmering altar of Xom.
  4617 | D:6      | Found Mauwupsa's Weapon Boutique.
  4725 | D:6      | Noticed Edmund
  4739 | D:6      | Killed Edmund
  4740 | D:6      | Reached skill level 11 in Maces & Flails
  5161 | D:7      | Found a sparkling altar of Nemelex Xobeh.
  5207 | D:7      | Found a white marble altar of Elyvilon.
  5271 | D:7      | Found Xigubb Uvvi's Book Boutique.
  5390 | D:7      | Found a shadowy altar of Dithmenos.
  5650 | D:7      | Noticed Prince Ribbit
  5671 | D:7      | HP: 4/81 [Prince Ribbit (9)]
  5673 | D:7      | Killed Prince Ribbit
  5921 | D:7      | Found a stormy altar of Qazlal.
  6290 | D:8      | Found Oweudokk's Armour Shop.
  6322 | D:8      | Bought the +0 pair of gloves of the Salamander {Will+} for
                  | 222 gold pieces
  6456 | D:8      | Reached skill level 12 in Maces & Flails
  6702 | D:8      | Identified the +1 sling of Domination {heavy, Str+5 Int-5}
  6828 | D:8      | Reached XP level 10. HP: 88/88 MP: 9/9
  6874 | D:8      | Found Piymmaatonu's Jewellery Shoppe.
  7151 | D:8      | Reached skill level 5 in Dodging
  7163 | D:8      | Found a runed translucent gate.
  7163 | D:8      | Found a runed translucent gate.
  7163 | D:8      | Found a runed translucent gate.
  7169 | D:8      | Noticed benadryl's ghost (novice TrEE)
  7316 | D:8      | Identified 2 scrolls of acquirement
  7316 | D:8      | Acquired the +1 hat "Xocac" {rN+ Stlth+}
  7323 | D:8      | Acquired the +7 chain mail "Tedghoeff" {rF+ rCorr}
  7361 | D:9      | Found a staircase to the Orcish Mines.
  7415 | D:9      | Found a hazy altar of Hepliaklqana.
  7506 | D:9      | Noticed a cyclops
  7523 | D:9      | Killed a cyclops
  7852 | D:9      | Found a staircase to the Lair.
  7923 | D:9      | Noticed Pikel
  7934 | D:9      | Killed Pikel
  7935 | D:9      | Reached skill level 10 in Armour
  8012 | D:9      | Noticed a manticore
  8026 | D:9      | Killed a manticore
  8027 | D:9      | Reached skill level 13 in Maces & Flails
  8383 | D:9      | Reached XP level 11. HP: 97/97 MP: 10/10
  8549 | D:9      | Acquired the +2 pair of boots of Impermeability {rElec
                  | Will++ Int-5 Dex+3}
  8556 | D:9      | Lost intelligence.
  8868 | D:9      | Found a snail-covered altar of Cheibriados.
  8881 | D:10     | Entered Level 10 of the Dungeon
  8932 | D:10     | Noticed Sonja
  8951 | D:10     | Succumbed to Sonja's curare-tipped dart

Illustrated notes

Levels and vault maps discovered:
D:1:      amcnicky_arrival_abandoned_market, layout_basic,
          ebering_ecumenical_altar_box, minmay_misc_feat_encased
D:2:      layout_loops_ring, uniq_natasha
D:3:      layout_loops_ring, uniq_sigmund, uniq_jessica
D:4:      layout_basic, uniq_duvessa, uniq_grinder
D:5:      layout_rooms, nicolae_ru_path_of_blood,
          nicolae_gozag_zags_fifth_avenue, minmay_temple_entry_enclosed_plants,
          uniq_blork_the_orc
D:6:      layout_gridville, brannock_xom_greatest_gift,
          ebering_ghost_reflecting_pool, serial_shops, shop,
          nicolae_elevator_lobby_plus, uniq_edmund
D:7:      layout_loops_cross, general_overflow_altar,
          nicolae_dithmenos_shadow_blocks, mainiacjoe_overflow_alcove_2,
          nicolae_qazlal_style_of_elements, serial_shops, kennysheep_mini,
          uniq_prince_ribbit1
D:8:      layout_loops_ring, gammafunk_ghost_nasty_kobolds, serial_shops,
          nicolae_shop_window_shopping, nicolae_stop_n_shop_1
D:9:      minmay_cornered_nines, layout_long_grid, lemuel_tele_altar,
          nicolae_hepliaklqana_hippocampus, due_lair_maze_entry_diamond,
          minmay_increasing_density, uniq_pikel
D:10:     layout_basic, special_room [special_room_orc], grunt_decor_fettered,
          uniq_sonja, uniq_joseph

Skill      XL: |  1  2  3  4  5  6  7  8  9 10 11 |
---------------+----------------------------------+-----
Fighting       | 4 5 6 7 8 9 |  9.7
Maces & Flails | 4 5 6 7 9 10 12 13 | 13.5
Dodging        | 3 4 6 |  6.1
Stealth        | 1 2 |  2.4
Armour         | 3 4 6 8 10 11 | 11.2
Unarmed Combat | 1 |  1.7

Action                   |  1- 3 |  4- 6 |  7- 9 | 10-12 || total
-------------------------+-------+-------+-------+-------++-------
Melee: Mace              |    59 |    92 |   156 |       ||   307
       Headbutt          |     7 |    11 |    29 |    30 ||    77
       Punch             |     1 |       |     1 |     5 ||     7
       Unarmed           |       |       |     6 |       ||     6
       Flail             |       |       |    76 |    80 ||   156
       Whip              |       |       |       |    85 ||    85
Invok: Berserk           |     1 |     4 |    12 |    13 ||    30
       Trog's Hand       |       |     1 |     2 |     5 ||     8
  Use: Scroll            |     5 |     5 |     2 |     3 ||    15
       Potion            |       |       |       |     3 ||     3
 Stab: Sleeping          |     2 |       |       |       ||     2
       Confused          |       |       |     2 |       ||     2
Armor: Animal skin       |    12 |     4 |       |       ||    16
       Chain mail        |       |    34 |   110 |   118 ||   262
       Scale mail        |       |     3 |       |       ||     3
       Plate armour      |       |       |       |    21 ||    21
Dodge: Dodged            |    46 |    50 |   124 |    77 ||   297

Table legend: (Time is in decaauts)
 A = Elapsed time spent in this place.
 B = Non-inter-level travel time spent in this place.
 C = Inter-level travel time spent in this place.
 D = Time resting spent in this place.
 E = Time spent auto-exploring this place.
 F = Levels seen in this place.
 G = Mean time per level.
                   A        B        C        D        E       F      G
               +--------+--------+--------+--------+--------+-----+--------+
         Total |   9403 |   8964 |    439 |      0 |   6895 |  10 |  940.3 |
       Dungeon |   9403 |   8964 |    439 |      0 |   6895 |  10 |  940.3 |
               +--------+--------+--------+--------+--------+-----+--------+

Top non-repeatable levels by time:
     D:9: 1728 daAuts
     D:7: 1187 daAuts
     D:8: 1118 daAuts
     D:6: 1046 daAuts
     D:2: 991 daAuts
     D:4: 924 daAuts
     D:1: 901 daAuts
     D:3: 770 daAuts
     D:5: 641 daAuts
    D:10: 93 daAuts
